 Dungeon Crawl Stone Soup version 0.25-a0-424-g80bd347ae0 (webtiles) character file.

Game seed: 3185878473338990502, levelgen mode: deterministic

351 Anathary the Magician (level 6, -2/32 HPs)
             Began as a Deep Elf Venom Mage on Jan 21, 2020.
             Was a Believer of Yredelemnul.
             Slain by Crazy Yiuf
             ... wielding a +4 quarterstaff of chaos
              (15 damage)
             ... on level 3 of the Dungeon.
             The game lasted 00:24:28 (3770 turns).

Anathary the Magician (Deep Elf Venom Mage)         Turns: 3770, Time: 00:24:31

Health: -2/32      AC:  2    Str:  5    XL:     6   Next: 34%
Magic:  12/16      EV: 16    Int: 21    God:    Yredelemnul [**....]
Gold:   86         SH:  0    Dex: 19    Spells: 12/16 levels left

rFire    . . .     SeeInvis .   (no weapon)
rCold    . . .     Gourm    .   (no shield)
rNeg     . . .     Faith    .   a - +0 robe
rPois    .         Spirit   .   (no helmet)
rElec    .         Reflect  .   (no cloak)
rCorr    .         Harm     .   (no gloves)
MR       .....                  (no boots)
Stlth    +++.......             (no amulet)
HPRegen  0.10/turn              i - +2 ring of evasion
MPRegen  0.15/turn              k - +3 ring of dexterity

@: very slightly contaminated
A: no striking features
a: Animate Remains, Recall Undead Slaves, Injury Mirror, Renounce Religion


You were on level 3 of the Dungeon.
You worshipped Yredelemnul.
Yredelemnul was pleased with you.
You were not hungry.

You visited 1 branch of the dungeon, and saw 3 of its levels.

You collected 86 gold pieces.

Inventory:

Armour
 a - a +0 robe (worn)
Jewellery
 i - a +2 ring of evasion (left hand)
 k - a +3 ring of dexterity (right hand)
Scrolls
 b - 7 scrolls of identify {unknown}
 l - a scroll of fear {unknown}
 m - a scroll of teleportation {unknown}
 o - a scroll of enchant armour {unknown}
 p - a scroll of remove curse {unknown}
 q - a scroll of magic mapping {unknown}
Potions
 c - 3 potions of agility {unknown}
 d - 2 potions of brilliance {unknown}
 e - 2 potions of curing
 f - 3 potions of heal wounds {unknown}
 g - 2 potions of ambrosia {unknown}
 h - a potion of invisibility {unknown}
 n - a potion of degeneration {unknown}
Comestibles
 j - a ration


   Skills:
 + Level 3.0 Dodging
 + Level 2.8 Stealth
 - Level 0.2 Unarmed Combat
 + Level 5.6 Spellcasting
 + Level 3.3 Transmutations
 + Level 1.4 Fire Magic
 + Level 5.0 Poison Magic


You had 12 spell levels left.
You knew the following spells:

 Your Spells              Type           Power        Failure   Level  Hunger
a - Sting                 Tmut/Pois      ###.         1%          1    None
b - Ignite Poison         Fire/Tmut/Pois ###.....     8%          3    ##.....

Your spell library contained the following spells:

 Spells                   Type           Power        Failure   Level  Hunger
 Poisonous Vapours        Pois/Air       ###...       5%          2    None
 Olgreb's Toxic Radiance  Pois           ####....     12%         4    ####...
 Mephitic Cloud           Conj/Pois/Air  ##......     16%         3    ##.....


Dungeon Overview and Level Annotations

Branches:
Dungeon (3/15)

Altars:
Trog
Xom
Yredelemnul
Zin

Annotations:
D:3 Crazy Yiuf, Natasha


Message History

You see here a mace.
You open the door.
Crazy Yiuf hits you with a +4 quarterstaff of chaos.
You are electrocuted!
You can't go up here!
Casting: Sting (safe; 1% risk of failure)
Confirm with . or Enter, or press ? or * to list all spells.
Aiming: Sting (safe; 1% risk of failure)
Press: ? - help, Shift-Dir - straight line, f - Crazy Yiuf
Aim: Crazy Yiuf, wielding a +4 quarterstaff of chaos and wearing a +2 cloak The sting hits Crazy Yiuf but does no damage.
Crazy Yiuf is poisoned.
Casting: Sting (safe; 1% risk of failure)
Confirm with . or Enter, or press ? or * to list all spells.
You miscast Ignite Poison.
You are very lightly contaminated with residual magic.
You feel faint for a moment.
Crazy Yiuf hits you with a +4 quarterstaff of chaos!
You die...
Your body rises from the dead as a mindless zombie.

....##....##
##..#####...##.#....
.(..##.....# #....#
#...##.#.#>.
....(......# ♣....♣
#...##.#.#..
...........# ♣)..♣♣
#......#.#..
...........# ♣♣)♣♣
#...####.#..
...........# ♣)♣♣
#...#.......
......####)# ♣♣)♣
#...#.##.#.# ......#
### ♣)♣♣
#...#....#.# .....##
♣♣@♣ #...######.#
.....####### #g#
#...#..#<#'#
...........# )))
#..##..#....
...........# #)))#
#..##..#....
#########..# #).)#
#...#..#....
†.≈≈≈≈≈†#.## #####
#...#......#
########..#
#...##.#.#.#
##.≈≈†≈####
#......#.#.#
#≈#####≈#
########.#.#


You could see Crazy Yiuf.

Vanquished Creatures
  Sigmund (D:2)
  Natasha (twice) (D:3)
  Robin (D:2)
  4 adders
  A river rat (D:3)
  An ooze (D:1)
  3 worms
  3 leopard geckos
  An orc (D:3)
  3 ball pythons
  6 giant cockroaches
  13 goblins
  5 hobgoblins
  7 kobolds
  A quokka (D:3)
  11 bats
  7 frilled lizards
  A quokka skeleton (D:3)
  11 rats
82 creatures vanquished.

Notes
Turn   | Place    | Note
-------+----------+-------------------------------------------
     0 | D:1      | Anathary the Deep Elf Venom Mage began the quest for the
                  | Orb.
     0 | D:1      | Reached XP level 1. HP: 10/10 MP: 6/6
   166 | D:1      | Reached XP level 2. HP: 7/15 MP: 2/8
  1363 | D:1      | Reached XP level 3. HP: 16/19 MP: 6/9
  1411 | D:1      | Learned a level 3 spell: Ignite Poison
  1703 | D:2      | Noticed Sigmund
  1790 | D:2      | Reached skill level 1 in Fire Magic
  1915 | D:2      | Found a faded altar of an unknown god.
  1915 | D:2      | Found a basalt altar of Yredelemnul.
  1921 | D:2      | Found a glowing silver altar of Zin.
  1926 | D:2      | Found a faded altar of an unknown god.
  1931 | D:2      | Found a bloodstained altar of Trog.
  1981 | D:2      | Became a worshipper of Yredelemnul the Dark
  1981 | D:2      | Reached * piety under Yredelemnul
  2078 | D:2      | Noticed Robin
  2094 | D:2      | Killed Robin
  2095 | D:2      | Reached XP level 4. HP: 23/24 MP: 0/11
  2244 | D:2      | Found a shimmering altar of Xom.
  2425 | D:2      | Killed Sigmund
  2425 | D:2      | Reached skill level 5 in Spellcasting
  2425 | D:2      | Reached XP level 5. HP: 27/28 MP: 7/14
  2834 | D:3      | Reached ** piety under Yredelemnul
  2901 | D:3      | Noticed Natasha
  2909 | D:3      | Killed Natasha
  2909 | D:3      | Reached XP level 6. HP: 32/32 MP: 4/15
  3026 | D:3      | Noticed Natasha
  3043 | D:3      | Killed Natasha
  3043 | D:3      | Reached skill level 5 in Poison Magic
  3204 | D:3      | Found a runed translucent door.
  3205 | D:3      | Noticed Crazy Yiuf
  3375 | D:3      | Noticed Natasha
  3770 | D:3      | Slain by Crazy Yiuf

Levels and vault maps discovered:
D:1:      kilobyte_arrival_exit_the_forest, layout_loops_cross
D:2:      layout_loops_ring, chequers_temple_overflow_minitemple,
          lemuel_doored_altar, uniq_sigmund, uniq_robin
D:3:      layout_basic, gup_sewer_entry_spiral, uniq_crazy_yiuf_cottage,
          uniq_natasha

Skill      XL: |  1  2  3  4  5  6 |
---------------+-------------------+-----
Poison Magic   | 4 5 |  5.0
Fire Magic     | 1 |  1.4
Transmutations | 2 3 |  3.3
Spellcasting   | 5 |  5.6
Dodging        | 3 |  3.0
Stealth        | |  2.8
Unarmed Combat | |  0.2

Action                   |  1- 3 |  4- 6 || total
-------------------------+-------+-------++-------
Melee: Unarmed           |    25 |    22 ||    47
 Cast: Sting             |    63 |    60 ||   123
       Ignite Poison     |     3 |    11 ||    14
 Stab: Sleeping          |       |     2 ||     2
  Eat: Ration            |     1 |     2 ||     3
       Chunk             |       |     1 ||     1
Armor: Robe              |     5 |     7 ||    12
Dodge: Dodged            |    29 |    41 ||    70

Table legend:
 A = Non-vault XP
 B = Vault XP
 C = Vault XP percentage of total XP
 D = Non-vault monster count
 E = Vault monster count
 F = Vault count percentage of total count
                 A         B        C        D         E       F
            +---------+---------+-------+---------+---------+-------
      Total |     187 |     315 |  62.7 |      63 |      19 |  23.2
            +---------+---------+-------+---------+---------+-------
        D:1 |      45 |       0 |   0.0 |      26 |       0 |   0.0
        D:2 |      49 |     251 |  83.7 |      16 |      11 |  40.7
        D:3 |      93 |      64 |  40.8 |      21 |       8 |  27.6
            +---------+---------+-------+---------+---------+-------
